 Dungeon Crawl Stone Soup version 0.26-a0-1213-gd52f5182fe (webtiles) character file.

Game seed: 9058096952944736846

14996 Conn the Arsonist (level 12, -3/75 HPs)
             Began as an Octopode Fire Elementalist on Dec 30, 2020.
             Was a Priest of Sif Muna.
             Killed from afar by Azrael (33 damage)
             ... with a bolt of fire
             ... on level 11 of the Dungeon.
             The game lasted 00:48:03 (14912 turns).

Conn the Arsonist (Octopode Fire Elementalist)     Turns: 14912, Time: 00:48:04

Health: -3/75      AC:  3    Str:  7    XL:     12   Next: 22%
Magic:  34/34      EV: 16    Int: 23    God:    Sif Muna [***...]
Gold:   671        SH:  4    Dex: 14    Spells: 13/29 levels left

rFire    . . .     SeeInvis .   u - +6 short sword of Perfectionism {venom, *Contam +Rage MP+9}
rCold    . . .     Faith    .   (no shield)
rNeg     . . .     Spirit   .   e - +2 hat
rPois    .         Reflect  .   y - amulet of magic regeneration
rElec    .         Harm     .   (no ring)
rCorr    .         Rampage  .   (no ring)
Will     .....                  (no ring)
Stlth    ++........             (no ring)
HPRegen  0.22/turn              (no ring)
MPRegen  0.49/turn              (no ring)
                                (no ring)
                                (no ring)

@: liquid flames, about to teleport, glowing
A: almost no armour, stealthy swim, amphibious, 8 rings, constrict 8, large bone
plates 1, camouflage 1, agile 1, gelatinous body 1
a: Renounce Religion, Evoke Berserk Rage, Channel Magic, Forget Spell


You were on level 11 of the Dungeon.
You worshipped Sif Muna.
Sif Muna was most pleased with you.
You visited 2 branches of the dungeon, and saw 13 of its levels.

You collected 671 gold pieces.

Inventory:

Hand Weapons
 c - a +0 short sword
 d - a +3 short sword of protection
 r - a +1 mace of holy wrath
 u - the +6 short sword of Perfectionism (weapon) {venom, *Contam +Rage MP+9}
   (You found it on level 9 of the Dungeon)

   It poisons the flesh of those it strikes.
   It affects your magic capacity (+9).
   It lets you go berserk.
   It causes magical contamination when unequipped.
Missiles
 j - 60 poisoned darts
Armour
 e - a +2 hat (worn)
Jewellery
 m - an uncursed amulet of regeneration
 o - an uncursed amulet of guardian spirit
 y - an amulet of magic regeneration (around mantle)
Wands
 p - a wand of flame (13)
 w - a wand of iceblast (19)
Scrolls
 b - 12 scrolls of identify
 f - 4 scrolls of teleportation
 g - a scroll of immolation
 h - 2 scrolls of blinking
 i - 2 scrolls of random uselessness
 k - 3 scrolls of magic mapping
 l - a scroll of enchant armour
 n - 2 scrolls of silence
 x - a scroll of amnesia {unknown}
 z - 6 scrolls of remove curse
Potions
 a - a potion of resistance {unknown}
 q - a potion of cancellation {unknown}
 t - a potion of magic
 v - 4 potions of curing
 A - a potion of invisibility {unknown}
 C - a potion of flight {unknown}
Miscellaneous
 E - a condenser vane (inert)


   Skills:
 + Level 4.6 Fighting
 + Level 6.2 Short Blades
 + Level 5.4 Dodging
 + Level 9.0 Stealth
 + Level 2.8 Shields
 + Level 9.1 Spellcasting
 + Level 8.1 Conjurations
 + Level 9.1 Fire Magic
 * Level 4.6 Invocations
 + Level 0.4 Evocations


You had 13 spell levels left.
You knew the following spells:

 Your Spells              Type           Power        Failure   Level
a - Foxfire               Conj/Fire      100%         1%          1
b - Conjure Flame         Conj/Fire      50%          1%          3
c - Inner Flame           Hex/Fire       31%          2%          3
d - Sticky Flame          Conj/Fire      50%          1%          4
e - Fireball              Conj/Fire      25%          4%          5

Your spell library contained the following spells:

 Spells                   Type           Power        Failure   Level
 Apportation              Tloc           20%          6%          1
 Lesser Beckoning         Tloc           5%           19%         3
 Tukima's Dance           Hex            10%          19%         3
 Alistair's Intoxication  Tmut/Pois      6%           86%         5
 Invisibility             Hex            10%          100%        6


Dungeon Overview and Level Annotations

Branches:
Dungeon (12/15)            Temple (1/1) D:4            Lair (0/6) D:8
    Orc (0/2) D:9

Altars:
Ashenzari
Cheibriados
Dithmenos
Elyvilon
Fedhas
Gozag
Hepliaklqana
Kikubaaqudgha
Makhleb
Nemelex Xobeh
Okawaru
Qazlal
Ru
Sif Muna
Trog
Uskayaw
Vehumet
Wu Jian
Xom
Yredelemnul
Zin
The Shining One
Beogh

Shops:
D:7 (   D:10 [

Annotations:
D:9 3 runed translucent doors
D:11 Azrael


Innate Abilities, Weirdness & Mutations

You cannot wear most types of armour.
You are very stealthy in the water. (Stealth+)
You are amphibious.
You can wear up to eight rings at the same time.
You can use your tentacles to constrict eight enemies at once.
Your skin changes colour to match your surroundings (Stealth+).
Your rubbery body absorbs attacks. (AC +1, EV +1)
You are partially covered in large bone plates. (SH +4)
You are agile. (Dex +2)


Message History

Azrael gestures at you. The sticky flame hits you.
You are covered in liquid flames!
Casting: Foxfire (safe; 1% risk of failure)
Confirm with . or Enter, or press ? or * to list all spells.
Okay, then.
Evoke which item? (* to show all) (? for menu, Esc to quit)
Aiming: Iceblast
Press: ? - help, Shift-Dir - straight line The mass of ice explodes!
The iceblast engulfs Azrael!
Azrael is frozen!
Azrael is lightly wounded.
You are covered in liquid flames!
Azrael gestures at you.
The sphere of damnation explodes!
The damnation engulfs you!
The damnation engulfs Azrael.
Azrael completely resists.
You feel better.
You are covered in liquid flames!
Azrael gestures at you. The bolt of fire hits you!!
You die...

...[..###.....####.##.#
###..# ..)..##
###...####.##.## ##..
##[..### ##.......##..#
####.. .[[....#
##[......##.# #.....
<[##...# #####...##.#
#..... ..######
#....#.#####..... ..#
#....#....##..... ..#
##R.......(.#..... ###
#@................
#.................
#............#####
##..........##
##...##...## ##########


You could see Azrael.

Vanquished Creatures
  Rupert (D:12)
  2 two-headed ogres
  Nergalle (D:12)
  An unseen horror (D:11)
  A manticore (D:12)
  A centaur skeleton (D:10)
  2 trolls
  A slime creature (D:11)
  A meliai zombie (D:11)
  3 shadows
  A wraith (D:10)
  12 yaks
  2 soldier ants
  13 orc warriors
  2 eyes of draining
  A necrophage (D:11)
  An ice beast (D:12)
  3 sky beasts
  2 black bears
  5 ogres
  5 phantoms
  6 centaurs
  2 big kobolds
  A wyvern zombie (D:7)
  12 bullfrogs
  4 scorpions
  A water moccasin skeleton (D:8)
  8 killer bees
  A wight (D:10)
  A howler monkey (D:4)
  2 electric eels (D:6)
  A bullfrog zombie (D:7)
  2 centaur zombies
  3 hounds
  2 jellies
  8 orc priests
  A bullfrog skeleton (D:9)
  Ijyb (D:5)
  3 iguanas
  12 orc wizards
  14 worker ants
  A killer bee zombie (D:10)
  A hound zombie (D:8)
  A hound skeleton (D:9)
  8 gnolls (D:3)
  9 adders
  2 shadow imps
  2 white imps
  An ufetubus (D:8)
  An ooze (D:2)
  An adder zombie (D:9)
  2 dart slugs
  A leopard gecko (D:3)
  49 orcs
  3 bats
  4 giant cockroaches
  6 goblins
  11 hobgoblins
  6 jackals
  5 quokkas
  3 ball pythons
  4 frilled lizards
  A jackal skeleton (D:8)
  16 kobolds
  9 rats
293 creatures vanquished.

Vanquished Creatures (collateral kills)
  2 foxfires (D:6)
2 creatures vanquished.

Vanquished Creatures (others)
  782 foxfires
  23 fungi (D:8)
  36 plants
841 creatures vanquished.

Grand Total: 1136 creatures vanquished

Notes
Turn   | Place    | Note
-------+----------+-------------------------------------------
     0 | D:1      | Conn the Octopode Fire Elementalist began the quest for the
                  | Orb.
     0 | D:1      | Reached XP level 1. HP: 11/11 MP: 3/3
   427 | D:1      | Reached XP level 2. HP: 17/17 MP: 3/5
  1029 | D:1      | Found a sparkling altar of Nemelex Xobeh.
  1239 | D:2      | Reached XP level 3. HP: 19/21 MP: 6/6
  1244 | D:2      | Learned a level 3 spell: Conjure Flame
  1411 | D:2      | Gained mutation: You are partially covered in large bone
                  | plates. (SH +4) [potion of mutation]
  1411 | D:2      | Gained mutation: You are agile. (Dex +2) [potion of
                  | mutation]
  1419 | D:2      | Reached XP level 4. HP: 27/27 MP: 2/7
  1572 | D:2      | Found a burning altar of Makhleb.
  1574 | D:2      | Noticed a cacodemon
  1598 | D:2      | Reached skill level 1 in Short Blades
  1854 | D:2      | Found a bloodstained altar of Trog.
  1925 | D:3      | Reached XP level 5. HP: 21/31 MP: 3/9
  2746 | D:4      | Noticed an ogre
  2757 | D:4      | Killed an ogre
  2758 | D:4      | Reached XP level 6. HP: 37/37 MP: 8/10
  3066 | D:3      | Reached skill level 5 in Stealth
  3276 | D:3      | Reached XP level 7. HP: 42/42 MP: 10/12
  3773 | D:4      | Found a staircase to the Ecumenical Temple.
  3784 | Temple   | Entered the Ecumenical Temple
  3977 | D:5      | Entered Level 5 of the Dungeon
  4073 | D:5      | Reached skill level 5 in Fire Magic
  4311 | D:5      | Reached skill level 1 in Fighting
  4374 | D:5      | Found a stormy altar of Qazlal.
  4374 | D:5      | Noticed a water elemental
  4376 | D:5      | Noticed an air elemental
  4376 | D:5      | Noticed a fire elemental
  4598 | D:5      | Reached XP level 8. HP: 48/48 MP: 14/14
  4827 | D:5      | Noticed Ijyb
  4839 | D:5      | Killed Ijyb
  5311 | D:6      | Reached skill level 1 in Shields
  6004 | D:6      | Learned a level 3 spell: Inner Flame
  6009 | D:6      | Learned a level 4 spell: Sticky Flame
  6015 | D:6      | Learned a level 5 spell: Fireball
  6049 | D:7      | Found Inul's Weapon Boutique.
  6326 | D:7      | Reached XP level 9. HP: 15/55 MP: 13/16
  6817 | D:7      | HP: 3/82 [shadow (6)]
  6819 | D:7      | Reached skill level 5 in Spellcasting
  7133 | D:7      | Reached skill level 5 in Short Blades
  7638 | D:7      | Found a blossoming altar of Fedhas.
  7645 | D:7      | Found a shimmering blue altar of Sif Muna.
  7646 | D:7      | Found a sparkling altar of Nemelex Xobeh.
  7653 | D:7      | Became a worshipper of Sif Muna the Loreminder
  7706 | D:8      | Got a smoking rapier
  7707 | D:8      | Identified the +3 rapier "Fuklub" {antimagic, Str+3} (You
                  | found it on level 8 of the Dungeon)
  8426 | D:8      | Reached XP level 10. HP: 51/63 MP: 10/19
  8475 | D:8      | Reached skill level 5 in Conjurations
  8494 | D:8      | Found a staircase to the Lair.
  8902 | D:9      | Found an iron altar of Okawaru.
  8906 | D:9      | Got a fine short sword
  8907 | D:9      | Identified the +6 short sword of Perfectionism {venom,
                  | *Contam +Rage MP+9} (You found it on level 9 of the
                  | Dungeon)
  9033 | D:9      | Reached * piety under Sif Muna
  9424 | D:9      | Found a roughly hewn altar of Beogh.
  9424 | D:9      | Found a staircase to the Orcish Mines.
  9427 | D:9      | Reached ** piety under Sif Muna
  9928 | D:9      | Found a runed translucent gate.
  9928 | D:9      | Noticed a red ugly thing
  9929 | D:9      | Found a runed translucent gate.
  9930 | D:9      | Noticed a purple very ugly thing
  9930 | D:9      | Noticed a red ugly thing
  9931 | D:9      | Noticed a brown ugly thing
  9931 | D:9      | Noticed a green ugly thing
  9932 | D:9      | Found a runed translucent gate.
 10228 | D:9      | Noticed a red ugly thing
 10280 | D:10     | Entered Level 10 of the Dungeon
 11427 | D:10     | Reached XP level 11. HP: 69/69 MP: 22/22
 11438 | D:10     | Found Paxtouf's Armour Emporium.
 11670 | D:10     | Noticed a two-headed ogre
 11685 | D:10     | Killed a two-headed ogre
 12003 | D:11     | Reached skill level 5 in Dodging
 12003 | D:11     | Reached skill level 1 in Invocations
 12003 | D:11     | Reached *** piety under Sif Muna
 12178 | D:11     | Noticed a red ugly thing
 12633 | D:12     | Noticed Rupert
 12896 | D:11     | Noticed an unseen horror
 12902 | D:11     | Killed an unseen horror
 12957 | D:11     | Noticed a two-headed ogre
 12968 | D:11     | Killed a two-headed ogre
 13817 | D:12     | Noticed Azrael
 13817 | D:12     | Noticed a manticore
 13853 | D:11     | HP: 3/105 [slime creature (6)]
 14231 | D:12     | Noticed Nergalle
 14238 | D:12     | Killed Nergalle
 14320 | D:12     | Killed a manticore
 14466 | D:12     | Paralysed by Rupert for 4 turns
 14482 | D:12     | Killed Rupert
 14483 | D:12     | Reached XP level 12. HP: 56/75 MP: 20/25
 14912 | D:11     | Killed from afar by Azrael

Illustrated notes

Levels and vault maps discovered:
D:1:      tarquinn_simple_flora_water_d, layout_basic, nemelex_altar_shiori
D:2:      layout_rooms, lemuel_round_altar, makhleb_altar_promises_db
D:3:      layout_rooms, chequers_serial_rivers_large_b
D:4:      layout_basic, temple_statues, grunt_decor_resistance
D:5:      layout_layer_cave, nicolae_qazlal_style_of_elements,
          minmay_statues_item, kennysheep_generic_room_9, uniq_ijyb
D:6:      layout_cave_pools, chequers_serial_rivers_room_b,
          minmay_misc_feat_encased, serial_bayou_ford_a
D:7:      layout_gridville, minitemple, serial_shops, shop_statue
D:8:      layout_loops_ring, grunt_lair_entry_orc_guard_hut,
          minmay_stone_trees_small
D:9:      nicolae_whirlpool, layout_irregular_city, old_standard_altar,
          david_orc_5, ploomutoo_gammafunk_ghost_potion_laboratory
D:10:     layout_big_octagon, serial_shops, shop, st_stairs_5
D:11:     layout_rooms
D:12:     layout_small_grid, uniq_nergalle, uniq_azrael, uniq_rupert
Temple:   regret_index_temple_sphere_string

Skill      XL: |  1  2  3  4  5  6  7  8  9 10 11 12 |
---------------+-------------------------------------+-----
Stealth        | 3 4 5 6 7 8 9 |  9.0
Short Blades   | 1 2 4 5 6 |  6.2
Fire Magic     | 4 5 6 7 9 |  9.1
Spellcasting   | 3 4 6 7 9 |  9.1
Conjurations   | 2 3 4 6 8 |  8.1
Fighting       | 1 2 3 4 |  4.6
Dodging        | 3 4 5 |  5.4
Shields        | 1 2 |  2.8
Invocations    | 4 |  4.6
Evocations     | |  0.4

Action                   |  1- 3 |  4- 6 |  7- 9 | 10-12 || total
-------------------------+-------+-------+-------+-------++-------
Melee: Unarmed           |     4 |       |       |       ||     4
       Tentacles         |     8 |     5 |    43 |    24 ||    80
       Constrict         |     8 |     7 |    32 |    32 ||    79
       Short sword       |    43 |    49 |   184 |   152 ||   428
 Cast: Foxfire           |    20 |    77 |   127 |   207 ||   431
       Sticky Flame      |       |       |     7 |    22 ||    29
       Conjure Flame     |       |       |     6 |    16 ||    22
       Fireball          |       |       |       |    31 ||    31
       Inner Flame       |       |       |       |     1 ||     1
Evoke: Wand              |       |       |       |     3 ||     3
       Condenser vane    |       |       |       |     1 ||     1
  Use: Potion            |     5 |       |     2 |     8 ||    15
       Scroll            |       |       |       |    18 ||    18
 Stab: Sleeping          |     7 |     5 |     9 |     8 ||    29
Armor: Skin              |    39 |    21 |    41 |    13 ||   114
Dodge: Dodged            |    32 |    49 |   109 |   135 ||   325
Block: Other             |       |    17 |    28 |    32 ||    77

Table legend: (Time is in decaauts)
 A = Elapsed time spent in this place.
 B = Non-inter-level travel time spent in this place.
 C = Inter-level travel time spent in this place.
 D = Time resting spent in this place.
 E = Time spent auto-exploring this place.
 F = Levels seen in this place.
 G = Mean time per level.
                   A        B        C        D        E       F      G
               +--------+--------+--------+--------+--------+-----+--------+
         Total |  14890 |  14709 |    181 |   3675 |   6805 |  13 | 1145.4 |
       Dungeon |  14744 |  14581 |    163 |   3675 |   6691 |  12 | 1228.7 |
        Temple |    146 |    128 |     18 |      0 |    114 |   1 |  146.0 |
               +--------+--------+--------+--------+--------+-----+--------+

Top non-repeatable levels by time:
     D:7: 1654 daAuts
     D:9: 1636 daAuts
    D:11: 1631 daAuts
    D:10: 1408 daAuts
     D:8: 1383 daAuts
     D:5: 1247 daAuts
     D:1: 1232 daAuts
    D:12: 1141 daAuts
     D:4: 1075 daAuts
     D:3: 859 daAuts
     D:6: 805 daAuts
     D:2: 668 daAuts
  Temple: 146 daAuts
